 Dungeon Crawl Stone Soup version 0.32-a0-779-g362cfcae2a (webtiles) character file.

Game seed: 1583753595859740947

7805 lunkers the Cleaver (level 11, -18/81 HPs)
             Began as a Coglin Berserker on Mar 19, 2024.
             Was an Elder of Trog.
             Demolished by a cane toad (21 damage)
             ... on level 2 of the Lair of Beasts.
             The game lasted 00:11:39 (9518 turns).

lunkers the Cleaver (Coglin Berserker)              Turns: 9518, Time: 00:11:40

Health: -18/81     AC:  9    Str: 22    XL:     11   Next: 21%
Magic:  11/11      EV: 13    Int:  6    God:    Trog [****..]
Gold:   625        SH:  0    Dex: 14    Spells: 10/10 levels left

rFire   . . .        a - +1 hand axe (freeze) {Ahhotep}
rCold   . . .        A - +5 long sword (venom) {Servia}
rNeg    . . .        D - +0 steam dragon scales
rPois   .            (no helmet)
rElec   .            (no cloak)
rCorr   .            b - +1 pair of gloves
SInv    .            C - +0 pair of boots
Will    ++...        (amulet unavailable)
Stlth   +            (ring unavailable)
HPRegen 1.33/turn    (ring unavailable)
MPRegen 0.12/turn    (no gizmo)

%: no passive effects
@: lethally poisoned (-18 -> -20), strong-willed, regenerating, revved
A: off-hand wielding, slow wielding, warmup strikes, no jewellery
a: Invent Gizmo, Renounce Religion, Berserk, Trog's Hand, Brothers in Arms


You were on level 2 of the Lair of Beasts.
You worshipped Trog.
Trog was greatly pleased with you.
You visited 2 branches of the dungeon, and saw 10 of its levels.
You also visited: Ossuary.

You collected 625 gold pieces.

Inventory:

Hand Weapons
 a - a +1 hand axe of freezing (weapon) {Ahhotep}
 A - a +5 long sword of venom (offhand) {Servia}
 B - a +0 broad axe
Missiles
 i - 4 curare-tipped darts
Armour
 b - a +1 pair of gloves (worn)
 n - a +0 scale mail
 o - a +0 leather armour of willpower
 C - a +0 pair of boots (worn)
 D - +0 steam dragon scales (worn)
Wands
 t - a wand of paralysis (12)
 w - a wand of polymorph (24)
 x - a wand of flame (29)
Scrolls
 c - a scroll of amnesia {unknown}
 d - a scroll of enchant weapon
 g - 2 scrolls of fear
 h - 3 scrolls of revelation
 k - a scroll of vulnerability
 p - 7 scrolls of teleportation
 r - a scroll of blinking
 u - a scroll of summoning
 y - 2 scrolls of silence
Potions
 e - 8 potions of curing
 f - 2 potions of haste
 l - a potion of ambrosia
 m - 2 potions of resistance
 q - 3 potions of lignification
 s - a potion of might {unknown}
 z - 5 potions of magic


   Skills:
 + Level 5.9 Fighting
 - Level 14.0 Axes
 + Level 4.8 Armour
 + Level 4.8 Dodging
 + Level 6.4 Evocations


You had 10 spell levels left.
You didn't know any spells.
Your spell library was empty.

Dungeon Overview and Level Annotations

Branches:
Dungeon (8/15)             Temple (0/1) D:7            Lair (2/5) D:8
 Shoals (0/4) Lair:2      Ossuary (visited)
  Snake: Lair:2-3    Spider: Lair:2-3

Altars:
Elyvilon
Trog

Shops:
D:1 [   D:5 *   D:6 *   D:7 [


Innate Abilities, Weirdness & Mutations

You can wield a second weapon in your off-hand.
It takes a long time for you to wield or remove held weapons.
Your first few attacks do less damage.
You cannot equip rings or amulets.


Message History

You hit the cane toad but do no damage.
You feel very sick. The cane toad misses you.
You slash the cane toad with your +5 long sword of venom!
The cane toad is heavily wounded.
You barely miss the cane toad with your +1 hand axe of freezing.
You feel very sick. The cane toad stings you.
* * * LOW HITPOINT WARNING * * *
You are more poisoned.
The cane toad poisons you!
You hit the cane toad with your +1 hand axe of freezing.
You freeze the cane toad.
The cane toad is heavily wounded.
You slash the cane toad with your +5 long sword of venom!
You feel very sick. The cane toad stings you!
* * * LOW HITPOINT WARNING * * *
The cane toad completely misses you.
You barely miss the cane toad with your +5 long sword of venom.
The cane toad is almost dead.
You barely miss the cane toad with your +1 hand axe of freezing.
* * * LOW HITPOINT WARNING * * *
You feel very sick. The cane toad stings you!
* * * LOW HITPOINT WARNING * * *
Your skin crawls.
You feel strong-willed.
* * * LOW HITPOINT WARNING * * *
You feel very sick. The cane toad stings you.
* * * LOW HITPOINT WARNING * * *
You closely miss the cane toad with your +5 long sword of venom.
The cane toad is almost dead.
You hit the cane toad with your +1 hand axe of freezing.
The cane toad seems to slow down.
You freeze the cane toad.
* * * LOW HITPOINT WARNING * * *
You feel very sick. The cane toad stings you!!
You die...

#...........# #.......$...
#######
#..........#######P.##..
#..........##..........P
#.............#####.####
#..........+..# ####.##
#.....F.†...# ##.#.#.#
#...)..@...# ###......#
##+##....### #......÷##
#....#..# ##...#††##
###.....### ##.#.+.♣...
####..#P.P+#.###....#.....
#.............###.........
##.............##.....###.
.................#...#.# .
~~......>.....###...#<#...


You could see a cane toad (slow).

Vanquished Creatures
  4 cane toads
  A rime drake (D:8)
  Psyche (D:8)
  Sigmund (D:2)
  A vampire (D:5)
  9 yaks (Lair:2)
  4 wyverns
  A basilisk (Lair:1)
  A steam dragon (D:7)
  6 water moccasins
  2 sky beasts
  5 ice beasts (D:8)
  A black bear (D:6)
  2 ogres (D:5)
  2 wolves (D:8)
  A phantom (D:5)
  A kobold brigand (D:8)
  5 bullfrogs
  8 scorpions
  3 wights (D:7)
  A howler monkey (D:7)
  An electric eel (Lair:1)
  2 centaur zombies (Ossuary)
  4 hounds
  2 jellies
  Jessica (D:3)
  Natasha (D:3)
  3 iguanas
  4 scorpion zombies (Ossuary)
  8 orc wizards
  3 mummies (Ossuary)
  9 adders
  2 white imps
  3 adder zombies (Ossuary)
  A dart slug (D:2)
  18 orcs
  6 ball pythons
  3 bats
  7 endoplasms
  3 giant cockroaches
  4 goblins
  5 hobgoblins
  6 jackals
  9 kobolds
  6 quokkas
  5 frilled lizards
  2 gnoll zombies (Ossuary)
  4 jackal zombies (Ossuary)
  3 orc zombies (Ossuary)
  4 rats
189 creatures vanquished.

Notes
Turn   | Place    | Note
-------+----------+-------------------------------------------
     0 | D:1      | lunkers the Coglin Berserker began the quest for the Orb.
     0 | D:1      | Reached XP level 1. HP: 18/18 MP: 1/1
     1 | D:1      | Noticed an electric eel
   227 | D:1      | Reached XP level 2. HP: 23/24 MP: 2/2
   329 | D:1      | Found Sogudwuw's Antique Armour Boutique.
   463 | D:1      | Found a faded altar of an unknown god.
   769 | D:2      | Reached skill level 4 in Axes
   796 | D:2      | Reached XP level 3. HP: 23/29 MP: 3/3
  1065 | D:2      | Noticed Sigmund
  1071 | D:2      | Killed Sigmund
  1072 | D:2      | Reached skill level 6 in Axes
  1072 | D:2      | Reached XP level 4. HP: 33/35 MP: 4/4
  1072 | D:2      | Reached XP level 5. HP: 38/41 MP: 5/5
  1251 | D:2      | Reached ** piety under Trog
  1938 | D:3      | Reached XP level 6. HP: 39/47 MP: 6/6
  1971 | D:3      | Noticed Jessica
  1976 | D:3      | Killed Jessica
  2210 | D:3      | Noticed Natasha
  2216 | D:3      | Killed Natasha
  2333 | D:4      | Reached skill level 7 in Axes
  2336 | D:4      | Found a sand-covered staircase.
  2341 | Ossuary  | Entered an ossuary
  2396 | Ossuary  | Reached XP level 7. HP: 37/52 MP: 7/7
  2572 | Ossuary  | Reached skill level 8 in Axes
  2640 | Ossuary  | Reached skill level 9 in Axes
  2755 | Ossuary  | Reached *** piety under Trog
  2756 | Ossuary  | Reached XP level 8. HP: 42/58 MP: 8/8
  3412 | D:5      | Entered Level 5 of the Dungeon
  3526 | D:5      | Found Fuf Ike's Overcharged Wands.
  3628 | D:5      | Reached skill level 10 in Axes
  4042 | D:5      | Noticed a vampire
  4057 | D:5      | Killed a vampire
  4058 | D:5      | Reached skill level 11 in Axes
  4540 | D:5      | Reached XP level 9. HP: 34/63 MP: 9/9
  4638 | D:6      | Found Apuol's General Store.
  4993 | D:6      | Reached skill level 12 in Axes
  5221 | D:6      | Found a white marble altar of Elyvilon.
  5221 | D:6      | Found a bloodstained altar of Trog.
  6077 | D:7      | Reached **** piety under Trog
  6078 | D:7      | Reached skill level 13 in Axes
  6391 | D:7      | Found Bivasihe's Antique Armour Shop.
  6575 | D:7      | Found a staircase to the Ecumenical Temple.
  6830 | D:8      | Noticed Psyche
  6843 | D:8      | Killed Psyche
  6844 | D:8      | Reached XP level 10. HP: 70/70 MP: 10/10
  6992 | D:8      | Reached skill level 14 in Axes
  6992 | D:8      | Reached skill level 1 in Evocations
  7004 | D:8      | Identified the ring of Ijonguam {Fire Str+2 Dex+4 SInv}
  7108 | D:8      | Found a staircase to the Lair.
  7806 | Lair:1   | Entered Level 1 of the Lair of Beasts
  8130 | Lair:1   | Noticed a cane toad
  8139 | Lair:1   | Killed a cane toad
  8850 | Lair:1   | Noticed a cane toad
  8859 | Lair:1   | Killed a cane toad
  8860 | Lair:1   | Reached skill level 5 in Fighting
  8860 | Lair:1   | Reached skill level 5 in Evocations
  9265 | Lair:2   | Noticed a cane toad
  9273 | Lair:2   | Reached XP level 11. HP: 63/80 MP: 11/11
  9493 | Lair:2   | Found a staircase to the Shoals.
  9518 | Lair:2   | HP: 3/81 [poisoned by a cane toad]
  9518 | Lair:2   | Demolished by a cane toad

Illustrated notes

Levels and vault maps discovered:
D:1:      arrival_aquarium_a, layout_basic,
          hellmonk_ecumenical_altar_arch_garden, serial_shops, shop
D:2:      layout_rooms, roderic_serpentine_path, uniq_sigmund
D:3:      layout_basic, uniq_natasha, uniq_jessica
D:4:      layout_rooms, enter_ossuary_5
D:5:      minmay_skewed_foursquare, layout_basic, nicolae_shop_overcharged_wands
D:6:      layout_loops_corners, gammafunk_temple_overflow_elements,
          serial_shops, nicolae_diamond_shop
D:7:      layout_loops_cross, minmay_temple_entry_metal_lava, serial_shops,
          shop, kennysheep_doodads
D:8:      layout_basic, hellmonk_lair_entry_icy, uniq_psyche
Lair:1:   layout_cave_pods, infiniplex_staircase_pool, grunt_megastairs_5
Lair:2:   layout_roguey, shoals_dummy_entry, spider_nest_entry_a,
          chequers_serial_rivers_room_b, serial_bayou_shore_b,
          grunt_megastairs_4, infiniplex_staircase_pool_2

Skill      XL: |  1  2  3  4  5  6  7  8  9 10 11 |
---------------+----------------------------------+-----
Axes           | 4 6 7 9 11 13 14 | 14.0
Evocations     | 5 6 |  6.4
Armour         | 4 |  4.8
Dodging        | 4 |  4.8
Fighting       | 5 |  5.9

Action                     |  1- 3 |  4- 6 |  7- 9 | 10-12 || total
---------------------------+-------+-------+-------+-------++-------
  Melee: Hand axe          |    63 |   121 |   502 |   114 ||   800
         Dagger            |    42 |       |       |       ||    42
         Long sword        |       |       |    60 |   115 ||   175
 Invoke: Berserk           |     1 |       |     5 |     3 ||     9
         Trog's Hand       |       |       |       |     1 ||     1
    Use: Scroll            |       |       |    17 |     4 ||    21
   Stab: Sleeping          |       |       |     1 |     1 ||     2
 Armour: Animal skin       |    26 |       |       |       ||    26
         Leather armour    |     1 |     4 |       |       ||     5
         Scale mail        |       |    50 |   183 |       ||   233
         Steam dragon scal |       |       |    31 |    77 ||   108
  Dodge: Dodged            |    28 |    36 |    96 |    71 ||   231

Table legend: (Time is in decaauts)
 A = Elapsed time spent in this place.
 B = Non-inter-level travel time spent in this place.
 C = Inter-level travel time spent in this place.
 D = Time resting spent in this place.
 E = Time spent auto-exploring this place.
 F = Levels seen in this place.
 G = Mean time per level.
                   A        B        C        D        E       F      G
               +--------+--------+--------+--------+--------+-----+--------+
         Total |   9587 |   8997 |    590 |    618 |   6952 |  11 |  871.5 |
       Dungeon |   7502 |   6964 |    538 |    427 |   5439 |   8 |  937.8 |
          Lair |   1512 |   1460 |     52 |    190 |   1139 |   2 |  756.0 |
       Ossuary |    572 |    572 |      0 |      0 |    374 |   1 |  572.0 |
               +--------+--------+--------+--------+--------+-----+--------+

Top non-repeatable levels by time:
     D:6: 1622 daAuts
  Lair:1: 1221 daAuts
     D:5: 1146 daAuts
     D:8: 1012 daAuts
     D:3: 860 daAuts
     D:1: 857 daAuts
     D:7: 780 daAuts
     D:2: 682 daAuts
 Ossuary: 572 daAuts
     D:4: 540 daAuts
  Lair:2: 291 daAuts
